 Dungeon Crawl Stone Soup version 0.28.0-62-gf88900778d (webtiles) character file.

Game seed: 14301206564790734454

654 cbfl8 the Chopper (level 7, 0/43 HPs)
             Began as a Gargoyle Berserker on May 13, 2023.
             Was a Believer of Trog.
             Slain by a wight
             ... wielding a +3 spear of venom
              (1 damage)
             ... on level 7 of the Dungeon.
             The game lasted 00:04:18 (3291 turns).

cbfl8 the Chopper (Gargoyle Berserker)              Turns: 3291, Time: 00:04:19

Health: 0/43       AC: 18    Str: 27    XL:     7   Next: 54%
Magic:  7/7        EV:  9    Int:  7    God:    Trog [**....]
Gold:   216        SH:  0    Dex: 11    Spells: 6/6 levels left

rFire   . . .      SeeInvis .   p - +0 war axe
rCold   . . .      Faith    .   (no shield)
rNeg    + . .      Spirit   .   a - +0 chain mail
rPois   ∞          Reflect  .   j - +1 helmet
rElec   +          Harm     .   c - +0 cloak
rCorr   .          Rampage  .   (no gloves)
Will    .....                   f - +0 pair of boots
Stlth   ..........              (no amulet)
HPRegen 0.14/turn               e - ring of flight
MPRegen 0.10/turn               i - +6 ring of strength

@: flying
A: sickness immunity, AC +4, negative energy resistance 1, electricity
resistance, torment resistance 1, petrification resistance
a: Renounce Religion, Berserk, Trog's Hand


You were on level 7 of the Dungeon.
You worshipped Trog.
Trog was pleased with you.
You visited 1 branch of the dungeon, and saw 5 of its levels.

You collected 216 gold pieces.

Inventory:

Hand Weapons
 p - a +0 war axe (weapon)
Armour
 a - a +0 chain mail (worn)
 c - a +0 cloak (worn)
 f - a +0 pair of boots (worn)
 j - a +1 helmet (worn)
Jewellery
 e - a ring of flight (left hand)
 i - a +6 ring of strength (right hand)
Wands
 d - a wand of flame (18)
 m - a wand of paralysis (4) (quivered)
Scrolls
 k - 2 scrolls of fear {unknown}
 o - a scroll of enchant weapon
 q - a scroll of immolation
Potions
 b - a potion of curing {unknown}
 g - a potion of lignification {unknown}
 h - a potion of attraction {unknown}
 n - a potion of resistance {unknown}


   Skills:
 + Level 4.2 Fighting
 * Level 2.3 Long Blades
 + Level 5.0 Axes
 + Level 3.7 Armour
 + Level 2.2 Dodging
 + Level 2.1 Stealth
 * Level 2.7 Evocations


You had 6 spell levels left.
You didn't know any spells.
Your spell library was empty.

Dungeon Overview and Level Annotations

Branches:
Dungeon (4/15)
 Temple: D:4-7

Altars:
Sif Muna

Annotations:
D:3 2 transporters, Zanecoolhand's ghost, weakling GnWn


Innate Abilities, Weirdness & Mutations

You are immune to sickness and miasma.
Your stone body is resilient. (AC +4)
You are immune to poison.
You resist negative energy. (rN+)
You are resistant to electric shocks. (rElec)
You are resistant to unholy torment.
You are immune to petrification.


Message History

Your Axes skill increases to level 5!
Your Stealth skill increases to level 2!
You barely miss the hornet zombie.
The hornet zombie is heavily damaged.
You slash the wight! The hornet zombie hits you. The wight barely misses you.
The wight hits you but does no damage.
Unknown command.
You completely miss the hornet zombie.
The hornet zombie is heavily damaged.
You hit the wight but do no damage.
The hornet zombie hits you but does no damage.
The wight barely misses you.
The hornet zombie hits you but does no damage.
The wight hits you from afar with a +3 spear of venom!
* * * LOW HITPOINT WARNING * * *
You closely miss the hornet zombie.
The hornet zombie is heavily damaged.
You slash the wight!
The hornet zombie hits you but does no damage.
The wight barely misses you. The wight closely misses you.
The hornet zombie barely misses you. The wight hits you but does no damage.
Unknown command.
You barely miss the hornet zombie.
The hornet zombie is heavily damaged.
You barely miss the wight. You hit the wight but do no damage.
The wight hits you with a +2 great sword.
* * * LOW HITPOINT WARNING * * *
The wight hits you from afar with a +3 spear of venom.
* * * LOW HITPOINT WARNING * * *
The hornet zombie hits you but does no damage.
The wight closely misses you.
You hit the hornet zombie.
The hornet zombie is heavily damaged.
You barely miss the wight. You closely miss the wight.
The hornet zombie closely misses you. The wight barely misses you. x2
The wight closely misses you.
The hornet zombie hits you but does no damage.
The wight barely misses you.
The wight hits you from afar with a +3 spear of venom.
You die...

## ### #. ##.## #.
##z..############.
#@zz..............
#.....Z##########.####..
#...... #.# ##. ####...
#.# #. ##.. #.# #. #..
..# #. #.# ..# ## #+ #.#
#


You could see 3 wights and a hornet zombie.

Vanquished Creatures
  An ice beast (D:7)
  2 ogres (D:7)
  A scorpion (D:7)
  2 wights (D:7)
  2 howler monkeys (D:7)
  2 orc wizards
  A killer bee zombie (D:7)
  3 adders (D:2)
  A white imp (D:3)
  A worm (D:3)
  5 orcs
  7 endoplasms
  2 giant cockroaches
  4 goblins
  5 hobgoblins
  6 jackals
  5 kobolds
  A quokka (D:3)
  7 ball pythons
  5 bats
  7 frilled lizards
  7 rats
77 creatures vanquished.

Vanquished Creatures (others)
  6 plants (D:3)
  5 toadstools (D:3)
11 creatures vanquished.

Grand Total: 88 creatures vanquished

Notes
Turn   | Place    | Note
-------+----------+-------------------------------------------
     0 | D:1      | cbfl8 the Gargoyle Berserker began the quest for the Orb.
     0 | D:1      | Reached XP level 1. HP: 14/14 MP: 1/1
   112 | D:1      | Reached skill level 3 in Axes
   112 | D:1      | Reached XP level 2. HP: 19/19 MP: 2/2
   418 | D:1      | Reached XP level 3. HP: 21/23 MP: 3/3
   761 | D:1      | Found a faded altar of an unknown god.
   948 | D:2      | Reached ** piety under Trog
  1065 | D:3      | Reached skill level 1 in Evocations
  1070 | D:3      | Found a transporter.
  1331 | D:2      | Reached XP level 4. HP: 26/28 MP: 4/4
  2157 | D:3      | Found a transporter.
  2410 | D:3      | Identified the +6 spear of Cemeb {venom, rN+ Str+7}
  2411 | D:3      | Noticed Zanecoolhand's ghost (weakling GnWn)
  2877 | D:4      | Reached XP level 5. HP: 19/33 MP: 5/5
  3006 | D:4      | Found a shimmering blue altar of Sif Muna.
  3054 | D:4      | You are sucked into a shaft and drop 3 floors!
  3109 | D:7      | Reached skill level 1 in Long Blades
  3119 | D:7      | Reached skill level 4 in Axes
  3120 | D:7      | Reached XP level 6. HP: 19/38 MP: 6/6
  3204 | D:7      | Noticed an ice beast
  3206 | D:7      | Noticed a hornet
  3215 | D:7      | Killed an ice beast
  3216 | D:7      | Reached skill level 1 in Stealth
  3216 | D:7      | Reached XP level 7. HP: 28/43 MP: 7/7
  3240 | D:7      | Noticed a queen bee
  3287 | D:7      | Reached skill level 5 in Axes
  3290 | D:7      | HP: 1/43 [wight/+3 spear of venom (5)]
  3291 | D:7      | Slain by a wight

Illustrated notes

Levels and vault maps discovered:
D:1:      amcnicky_arrival_feature_with_door, layout_loops_ring,
          shapermc_ecumenical_altar_notcrosses
D:2:      layout_basic
D:3:      wander_river, layout_rooms, gammafunk_ghost_gnarly_gnolls,
          minmay_gold_behind_fungi, nrook_mini_backslash, corexii_hall_statues_i
D:4:      layout_basic, tgw_sif, minmay_goblin_outpost
D:7:      layout_loops_corners, gammafunk_ghost_hive, enter_bailey_3,
          kennysheep_small_square, uniq_maggie

Skill      XL: |  1  2  3  4  5  6  7 |
---------------+----------------------+-----
Axes           | 3 4 5 |  5.0
Evocations     | 1 2 |  2.7
Long Blades    | 1 2 |  2.3
Armour         | 3 |  3.7
Dodging        | 2 |  2.2
Fighting       | 4 |  4.2
Stealth        | 1 2 |  2.1

Action                   |  1- 3 |  4- 6 |  7- 9 || total
-------------------------+-------+-------+-------++-------
Melee: Hand axe          |    92 |    65 |       ||   157
       Punch             |     1 |     2 |       ||     3
       War axe           |       |   106 |    18 ||   124
Invok: Berserk           |       |     1 |       ||     1
       Trog's Hand       |       |     1 |     1 ||     2
Evoke: Wand              |       |     2 |     6 ||     8
  Use: Scroll            |       |     5 |       ||     5
 Stab: Paralysed         |       |     8 |     3 ||    11
Armor: Animal skin       |    11 |       |       ||    11
       Ring mail         |    26 |    35 |       ||    61
       Chain mail        |       |    89 |    28 ||   117
Dodge: Dodged            |    62 |    79 |    29 ||   170
